 Dungeon Crawl Stone Soup version 0.24-a0-581-gc0fa6600bf (webtiles) character file.

Game seed: 6419398087843750464

2206 Kavrick the Carver (level 9, -11/71 HPs)
             Began as a Formicid Fighter on Aug 23, 2019.
             Killed from afar by an electric eel (15 damage)
             ... with a bolt of electricity
             ... on level 7 of the Dungeon.
             The game lasted 00:11:35 (6470 turns).

Kavrick the Carver (Formicid Fighter)               Turns: 6470, Time: 00:11:36

Health: -11/71     AC: 17    Str: 24    XL:     9   Next: 60%
Magic:  9/9        EV:  6    Int:  8    God:
Gold:   436        SH: 18    Dex: 10    Spells: 8/8 levels left

rFire    . . .     SeeInvis +   z - +2 great sword
rCold    . . .     Gourm    .   c - +1 shield
rNeg     . . .     Faith    .   y - +0 plate armour
rPois    .         Spirit   .   (helmet unavailable)
rElec    .         Reflect  +   q - +0 cloak
rCorr    .         Harm     .   (no gloves)
MR       .....                  m - +2 pair of boots
Stlth    ..........             t - +6 amulet of reflection
HPRegen  0.21/turn              i - ring of see invisible
MPRegen  0.11/turn              (no ring)

@: no status effects
A: permanent stasis, dig shafts and tunnels, four strong arms, antennae 3
a: Dig, Shaft Self


You were on level 7 of the Dungeon.
You were not hungry.

You visited 1 branch of the dungeon, and saw 7 of its levels.

You collected 436 gold pieces.

Inventory:

Hand Weapons
 a - a +0 long sword
 z - a +2 great sword (weapon)
Armour
 c - a +1 shield (worn)
 m - a +2 pair of boots (worn)
 q - a +0 cloak (worn)
 y - a +0 plate armour (worn)
Jewellery
 i - a ring of see invisible (left hand)
 t - a +6 amulet of reflection (around neck)
Wands
 k - a wand of enslavement (16)
 r - a wand of disintegration (17)
 u - a wand of paralysis (9)
 w - a wand of acid (10)
 B - a wand of flame (21)
Scrolls
 b - 2 scrolls of amnesia
 h - 7 scrolls of teleportation
 j - 2 scrolls of blinking
 l - 3 scrolls of magic mapping
 n - 2 scrolls of identify
 o - 2 scrolls of remove curse
 x - a scroll of fear
Potions
 d - a potion of might
 e - a potion of brilliance
 g - 2 potions of berserk rage
 p - 4 potions of mutation
 s - 2 potions of agility
 v - 4 potions of curing
Comestibles
 f - 14 rations
 A - 10 chunks of flesh


   Skills:
 + Level 6.8 Fighting
 * Level 8.0 Long Blades
 + Level 6.7 Armour
 + Level 7.4 Shields


You had 8 spell levels left.
You didn't know any spells.
Your spell library contained the following spells:

 Spells                   Type           Power        Failure   Level  Hunger
 Infusion                 Chrm           #...         100%        1    ##.....
 Shroud of Golubria       Chrm/Tloc      #.....       100%        2    ###....
 Song of Slaying          Chrm           #.......     100%        2    ###....
 Regeneration             Chrm/Necr      #.........   100%        3    ####...
 Spectral Weapon          Hex/Chrm       #.......     100%        3    ####...


Dungeon Overview and Level Annotations

Branches:
Dungeon (7/15)
 Temple: D:4-7

Altars:
Dithmenos
Hepliaklqana
Makhleb
Zin
The Shining One

Portals:
Bailey: D:7


Innate Abilities, Weirdness & Mutations

You cannot be hasted, slowed, berserked, paralysed or teleported.
You can dig through walls and to a lower floor.
Your four strong arms can wield two-handed weapons with a shield.
You have a pair of large antennae on your head. (SInv)


Message History

The bolt of electricity hits you. You block the adder skeleton's attack.
The electric eel shoots out a bolt of lightning at you!
The bolt of electricity hits you!
You closely miss the electric eel.
The electric eel is heavily wounded.
The electric eel shoots out a bolt of lightning at you!
The bolt of electricity hits you! The bolt of electricity hits you.
The adder skeleton barely misses you.
You riposte.
You closely miss the adder skeleton.
The adder skeleton is heavily damaged.
The electric eel shoots out a bolt of lightning at you!
The bolt of electricity hits you.
The electric eel shoots out a bolt of lightning at you!
The bolt of electricity hits you!
* * * LOW HITPOINT WARNING * * *
The electric eel shoots out a bolt of lightning at you!
The bolt of electricity hits you!
* * * LOW HITPOINT WARNING * * *
The bolt of electricity hits you!
You die...

.# #.# #.# .#≈≈.≈≈ .# .# #.# #.#
##.≈≈≈≈≈≈≈ .. .# ###.#
#.########≈≈≈≈≈≈≈w##≈## .......#
#.##.....≈≈≈≈≈≈≈≈≈≈≈≈≈#.
######.###...#....≈≈≈≈≈≈≈≈≈≈≈≈≈..
#.............≈≈≈;≈#≈≈≈≈≈≈≈#≈#
####.....#####.#≈≈#≈≈≈≈≈≈≈≈≈≈≈≈≈≈
.........# #..≈≈≈%.w≈..(≈≈w;≈#≈
)###.....# #..@≈≈.?...<.<.w.o≈.
.....##.## #.#Z;≈.≈;≈...≈...≈≈≈
.#.####.## #.#≈≈≈≈.≈#≈≈≈;≈≈≈≈≈≈
.#.###.#.## #...≈≈≈≈≈##≈≈≈≈≈≈≈≈.
.#.##.###.## ####.≈#≈##≈≈≈≈≈≈≈≈..
.#...## ##.# .≈≈≈≈≈≈≈≈#≈≈≈#..
.####.###..# .#≈≈#≈≈≈≈≈≈≈≈...
.####....#.# ..#.≈≈≈≈≈w≈.#..#
.........#.#


You could see 3 electric eels, a dart slug and an adder skeleton.

Vanquished Creatures
  Prince Ribbit (D:6)
  Edmund (D:6)
  Menkaure (D:5)
  A water moccasin (D:5)
  A black bear (D:7)
  4 ogres
  A sky beast (D:7)
  2 centaurs (D:5)
  2 bullfrogs
  2 scorpions
  3 wights (D:7)
  A howler monkey (D:3)
  A crimson imp (D:5)
  2 hounds
  A centaur skeleton (D:5)
  An orc priest (D:7)
  2 orc wizards (D:7)
  An iguana (D:6)
  Natasha (D:4)
  5 worker ants
  A worker ant zombie (D:7)
  4 gnolls (D:5)
  5 adders
  A shadow imp (D:5)
  An ooze (D:4)
  An adder zombie (D:6)
  An adder skeleton (D:5)
  3 worms
  6 dart slugs
  9 leopard geckos
  4 orcs
  5 ball pythons
  4 bats
  9 giant cockroaches
  7 goblins
  7 hobgoblins
  12 jackals
  A quokka (D:3)
  6 frilled lizards
  7 kobolds
  2 quokka skeletons
  7 rats
137 creatures vanquished.

Vanquished Creatures (others)
  A dart slug (D:7)
1 creature vanquished.

Grand Total: 138 creatures vanquished

Notes
Turn   | Place    | Note
-------+----------+-------------------------------------------
     0 | D:1      | Kavrick the Formicid Fighter began the quest for the Orb.
     0 | D:1      | Reached XP level 1. HP: 18/18 MP: 1/1
    62 | D:1      | Reached XP level 2. HP: 22/24 MP: 2/2
   201 | D:1      | Reached XP level 3. HP: 29/29 MP: 3/3
   879 | D:2      | Reached XP level 4. HP: 36/37 MP: 4/4
   907 | D:2      | Reached skill level 3 in Long Blades
  1735 | D:2      | Reached XP level 5. HP: 42/42 MP: 5/5
  2603 | D:4      | Noticed Natasha
  2621 | D:4      | Killed Natasha
  2621 | D:4      | Reached XP level 6. HP: 47/48 MP: 6/6
  2724 | D:4      | Noticed an ogre
  2777 | D:4      | Killed an ogre
  2777 | D:4      | Reached skill level 4 in Long Blades
  2932 | D:4      | Noticed an ogre
  2954 | D:4      | Reached skill level 5 in Shields
  2966 | D:4      | Killed an ogre
  2966 | D:4      | Reached XP level 7. HP: 19/55 MP: 7/7
  3257 | D:4      | Found a glowing golden altar of the Shining One.
  3811 | D:4      | Reached skill level 5 in Long Blades
  4049 | D:5      | Entered Level 5 of the Dungeon
  4051 | D:5      | Noticed a water moccasin
  4069 | D:5      | Killed a water moccasin
  4069 | D:5      | Reached skill level 5 in Fighting
  4069 | D:5      | Reached skill level 5 in Armour
  4228 | D:5      | Reached XP level 8. HP: 45/62 MP: 8/8
  4273 | D:5      | Found a hazy altar of Hepliaklqana.
  4278 | D:5      | Found a glowing silver altar of Zin.
  4459 | D:5      | Reached skill level 6 in Long Blades
  4657 | D:5      | Found a glowing drain.
  5061 | D:5      | Noticed Menkaure
  5072 | D:5      | Killed Menkaure
  5223 | D:5      | Found a burning altar of Makhleb.
  5334 | D:6      | Noticed Prince Ribbit
  5570 | D:6      | Found a shadowy altar of Dithmenos.
  5807 | D:6      | Noticed Edmund
  5836 | D:6      | Killed Edmund
  5836 | D:6      | Reached skill level 7 in Long Blades
  5836 | D:6      | Reached XP level 9. HP: 62/69 MP: 9/9
  5919 | D:6      | Killed Prince Ribbit
  6231 | D:7      | Found a flagged portal.
  6468 | D:7      | Reached skill level 8 in Long Blades
  6470 | D:7      | Killed from afar by an electric eel

Levels and vault maps discovered:
D:1:      evilmike_arrival_run_for_it, layout_loops_ring
D:2:      layout_basic
D:3:      layout_loops_ring, first_ration, corexii_item_surrounded_by_moat
D:4:      layout_loops_ring, tso_oasis_becter, uniq_natasha
D:5:      layout_basic, makhleb_blood_cavern_becter, grunt_temple_overflow_open,
          portal_sewer_entry_f, roderic_lattice_a, uniq_menkaure
D:6:      layout_basic, nicolae_dithmenos_through_a_glass_darkly,
          uniq_prince_ribbit1, uniq_edmund
D:7:      kennysheep_slugbush, layout_loops_ring, lightli_temple_of_fire,
          minmay_temple_entry_ruins, enter_bailey_6

Skill      XL: |  1  2  3  4  5  6  7  8  9 |
---------------+----------------------------+-----
Shields        | 4 5 6 7 |  7.4
Long Blades    | 3 4 5 7 8 |  8.0
Fighting       | 4 5 6 |  6.8
Armour         | 4 5 6 |  6.7

Action                   |  1- 3 |  4- 6 |  7- 9 || total
-------------------------+-------+-------+-------++-------
Melee: Long sword        |    91 |   187 |   318 ||   596
       Great sword       |       |       |    34 ||    34
  Use: Scroll            |       |       |    16 ||    16
  Eat: Chunk             |       |     7 |     5 ||    12
       Ration            |       |       |     2 ||     2
Armor: Scale mail        |    15 |       |       ||    15
       Chain mail        |    28 |    89 |     8 ||   125
       Plate armour      |       |       |   116 ||   116
Dodge: Dodged            |    20 |    61 |    56 ||   137
Block: Shield            |    34 |    83 |   243 ||   360
       Reflection        |       |       |     8 ||     8
       Rpst.: Long sword |     7 |    24 |    20 ||    51
       Great sword       |       |       |     5 ||     5

Table legend:
 A = Non-vault XP
 B = Vault XP
 C = Vault XP percentage of total XP
 D = Non-vault monster count
 E = Vault monster count
 F = Vault count percentage of total count
                 A         B        C        D         E       F
            +---------+---------+-------+---------+---------+-------
      Total |    2422 |     730 |  23.2 |     123 |      15 |  10.9
            +---------+---------+-------+---------+---------+-------
        D:1 |      53 |       5 |   8.6 |      25 |       1 |   3.8
        D:2 |      85 |       0 |   0.0 |      27 |       0 |   0.0
        D:3 |     100 |       0 |   0.0 |      21 |       0 |   0.0
        D:4 |     436 |      36 |   7.6 |      10 |       1 |   9.1
        D:5 |     678 |     226 |  25.0 |      20 |       8 |  28.6
        D:6 |     319 |     452 |  58.6 |       6 |       2 |  25.0
        D:7 |     751 |      11 |   1.4 |      14 |       3 |  17.6
            +---------+---------+-------+---------+---------+-------
